AoeStats
← YooLu

Socotra

504423977Analyzed
2v2 RM · 27d ago on Sep 5, 2026· 29m 54s· 4 players
Game mode
Random Map
Map size
Tiny (2 player)
Population
200
Speed
Normal
Resources
Standard
Victory
Conquest
Starting age
Dark Age
Ending age
Imperial Age
RankedLock teamsTeams togetherTeam positionsShared explorationLock speedFull tech treeHidden civsTurbo modeCheats
Victory
Defeat
🇰🇷 Burgundians · South Korea
1194
+15
🇫🇷 Japanese · France
1184
+15
🇹🇼 Khitans · Taiwan
1197
-37
🇹🇼 Vietnamese · Taiwan
1143
-14
謙謙謙謙謙
7:03 Loom
9:06 Feudal Age
10:53 Domestication
22:11 Castle Age
20:18 Double-Bit Axe
20:39 Gold Mining
21:43 Forging
21:39 Scale Barding Armor
23:03 Husbandry
23:53 Bow Saw
25:05 Scale Mail Armor
25:28 Chain Barding Armor
28:10 Iron Casting
YooLu
9:56 Feudal Age
10:28 Loom
15:00 Double-Bit Axe
18:32 Fletching
19:14 Horse Collar
20:29 Padded Archer Armor
21:45 Wheelbarrow
25:47 Castle Age
25:50 Crossbowman
26:36 Thumb Ring
26:58 Bow Saw
26:18 Pikeman
26:59 Squires
28:08 Bodkin Arrow
29:42 Forging
GOOGOO
7:31 Loom
9:48 Feudal Age
9:51 Man-at-Arms
12:36 Double-Bit Axe
20:25 Padded Archer Armor
20:18 Fletching
24:42 Castle Age
23:15 Padded Archer Armor
23:31 Horse Collar
24:17 Bow Saw
24:49 Elite Skirmisher
24:52 Crossbowman
26:39 Bodkin Arrow
28:22 Heavy Plow
29:49 Leather Archer Armor
29:44 Pikeman
Gros_fié_des_familles
7:44 Loom
10:08 Feudal Age
10:51 Man-at-Arms
22:12 Castle Age
20:23 Double-Bit Axe
21:17 Bloodlines
22:16 Forging
24:11 Horse Collar
25:45 Wheelbarrow
27:35 Squires
28:05 Husbandry
Connection lost

Rejoining the realm…

Still unreachable

The connection could not be restored.

Session expired

The server has moved on; the page needs a fresh start.